Map: Galactic Process LE

Players

Anansi - Winner!

  • Race: Zerg Zerg
  • League: Master

NoX

  • Race: Protoss Protoss
  • League: Master

VOD

Have the link to the VOD?

Description

Time

  • Played on: Oct. 13, 2016, 8:37 p.m.
  • Length: 11:40
Show
View Real Time Build Order
Export as new Build Order

Anansi Zerg - Winner!

Build Orders: Hatch First 

Get SALT Encoding   

  12  0:01  Drone  
  13  0:13  Overlord  
  13  0:17  Drone  
  14  0:31  Drone x2  
  14  0:35  Drone  
  17  0:53  Hatchery  
  17  0:56  Drone  
  17  0:59  Drone  
  18  1:10  Extractor  
  17  1:15  Spawning Pool  
  16  1:19  Drone  
  16  1:20  Drone  
  18  1:30  Drone  
  19  1:40  Overlord  
  19  1:51  Drone  
  20  2:01  Queen  
  20  2:02  Zergling x2  
  20  2:04  Queen  
  20  2:05  Zergling x2  
  26  2:10  Metabolic Boost  
  26  2:11  Drone  
  27  2:16  Drone  
  27  2:22  Drone  
  29  2:27  Roach Warren  
  29  2:29  Drone  
  29  2:36  Drone  
  30  2:40  Drone  
  31  2:45  Overlord  
  31  2:50  Overlord  
  31  2:57  Drone  
  32  3:09  Roach  
  32  3:10  Roach x4  
  32  3:11  Roach  
  44  3:17  Overlord  
  44  3:18  Zergling x2  
  45  3:21  Zergling x2  
  45  3:23  Zergling x2  
  46  3:36  Zergling x4  
  48  3:44  Overlord  
  48  3:47  Zergling x2  
  48  3:48  Zergling x12  
  55  3:59  Overlord  
  55  4:00  Overlord  
  53  4:09  Ravager x2  
  52  4:25  Zergling x2  
  52  4:26  Zergling x18  
  55  4:47  Zergling x4  
  55  4:48  Zergling x2  
  53  5:01  Hatchery  
  52  5:08  Spore Crawler  
  37  5:32  Zergling x12  
  37  5:33  Zergling x8  
  41  5:35  Lair  
  41  5:40  Drone  
  42  5:49  Drone x2  
  43  5:53  Extractor x2  
  43  5:55  Drone  
  42  6:00  Queen  
  44  6:05  Drone  
  44  6:06  Drone  
  44  6:07  Drone x6  
  41  6:36  Overseer x2  
  41  6:39  Zergling x6  
  48  6:40  Zergling x20  
  49  6:58  Drone  
  49  6:59  Drone x4  
  53  7:10  Drone x3  
  53  7:11  Queen  
  58  7:22  Drone x3  
  61  7:23  Drone  
  61  7:27  Evolution Chamber  
  61  7:28  Glial Reconstitution  
  61  7:29  Evolution Chamber  
  60  7:31  Drone  
  61  7:56  Zerg Missile Weapons Level 1  
  61  7:57  Zerg Ground Armor Level 1, Drone x4  
  61  7:58  Overlord x2, Drone  
  66  8:01  Drone  
  66  8:02  Drone x2  
  68  8:07  Roach  
  68  8:11  Roach  
  68  8:12  Roach x2  
  76  8:14  Roach x2  
  76  8:16  Roach  
  82  8:20  Roach x2  
  82  8:24  Roach x2  
  90  8:32  Roach x3  
  90  8:33  Roach  
  98  8:40  Roach x2  
  88  8:50  Roach x4  
  86  9:07  Drone  
  86  9:08  Drone x3  
  86  9:09  Overlord  
  90  9:10  Roach x3  
  90  9:11  Roach  
  90  9:14  Overlord x2  
  98  9:22  Spore Crawler, Extractor  
  98  9:23  Roach  
  98  9:24  Roach x3  
  104  9:29  Roach  
  106  9:33  Roach  
  106  9:35  Overlord  
  106  9:37  Roach  
  110  9:47  Roach x3  
  110  9:48  Roach x3  
  120  9:57  Roach x3  
  116  10:07  Roach  
  116  10:08  Roach x3  
  120  10:14  Overseer  
  120  10:20  Drone x7  
  121  10:23  Extractor  
  120  10:36  Hatchery  
  120  10:41  Roach  
  121  10:44  Overlord  
  119  11:00  Overlord  
  119  11:01  Roach x4  
  121  11:10  Roach x2  
  121  11:11  Roach x3  
  122  11:16  Roach x2  
  122  11:17  Roach x2  
Show
View Real Time Build Order
Export as new Build Order

NoX Protoss 

Build Orders: 1 Gate Expand, Zealot Archon, Dark Templar Rush 

Get SALT Encoding   

  12  0:01  Probe (Chrono Boost)  
  13  0:11  Probe (Chrono Boost)  
  14  0:19  Pylon  
  14  0:22  Probe (Chrono Boost)  
  15  0:37  Probe (Chrono Boost)  
  15  0:39  Gateway  
  16  0:48  Probe (Chrono Boost)  
  17  1:13  Nexus  
  17  1:16  Probe (Chrono Boost)  
  18  1:23  Assimilator  
  18  1:33  Cybernetics Core  
  18  1:39  Pylon  
  18  1:43  Probe (Chrono Boost)  
  19  1:54  Probe (Chrono Boost)  
  20  1:55  Assimilator  
  20  2:05  Probe (Chrono Boost)  
  20  2:07  Adept  
  24  2:16  Pylon, Warp Gate  
  24  2:17  Probe (Chrono Boost)  
  24  2:28  Probe (Chrono Boost)  
  26  2:30  Adept  
  26  2:31  Probe (Chrono Boost)  
  28  2:42  Probe (Chrono Boost)  
  31  2:45  Mothership Core (Chrono Boost)  
  31  2:52  Probe (Chrono Boost)  
  32  3:03  Probe (Chrono Boost)  
  32  3:04  Probe (Chrono Boost)  
  34  3:08  Pylon  
  34  3:13  Twilight Council, Probe (Chrono Boost)  
  34  3:15  Probe (Chrono Boost)  
  38  3:24  Probe (Chrono Boost)  
  38  3:26  Probe (Chrono Boost)  
  40  3:37  Gateway  
  40  3:39  Gateway  
  36  3:42  Pylon  
  36  3:45  Pylon  
  36  3:57  Dark Shrine  
  36  4:15  Probe (Chrono Boost)  
  37  4:20  Stalker  
  37  4:21  Gateway  
  34  4:43  Stalker x2  
  29  4:53  Pylon  
  29  4:54  Pylon  
  29  5:00  Pylon  
  26  5:09  Dark Templar  
  26  5:10  Dark Templar  
  30  5:20  Probe x2 (Chrono Boost)  
  26  5:30  Dark Templar  
  26  5:31  Probe x2 (Chrono Boost)  
  28  5:36  Pylon  
  28  5:41  Probe (Chrono Boost)  
  29  5:48  Probe (Chrono Boost)  
  29  5:55  Probe (Chrono Boost)  
  30  5:59  Probe (Chrono Boost)  
  31  6:06  Probe (Chrono Boost)  
  31  6:10  Probe (Chrono Boost)  
  32  6:20  Dark Templar  
  35  6:25  Probe (Chrono Boost)  
  35  6:27  Probe (Chrono Boost)  
  36  6:36  Probe (Chrono Boost)  
  37  6:41  Probe (Chrono Boost)  
  37  6:54  Probe (Chrono Boost)  
  37  6:55  Probe (Chrono Boost)  
  38  7:05  Probe (Chrono Boost)  
  38  7:08  Adept x2  
  41  7:15  Probe (Chrono Boost), Resonating Glaives  
  44  7:18  Pylon, Probe (Chrono Boost)  
  45  7:25  Archon x2  
  45  7:26  Pylon  
  45  7:33  Zealot  
  47  7:46  Adept  
  47  7:47  Adept x2  
  47  7:50  Probe (Chrono Boost)  
  55  7:51  Probe (Chrono Boost)  
  55  7:56  Adept  
  57  8:01  Probe (Chrono Boost)  
  57  8:02  Probe (Chrono Boost)  
  57  8:03  Pylon  
  60  8:13  Probe x2 (Chrono Boost)  
  61  8:25  Probe (Chrono Boost)  
  62  8:39  Probe (Chrono Boost)  
  63  8:42  Assimilator  
  63  8:43  Robotics Facility  
  47  8:59  Probe (Chrono Boost)  
  47  9:01  Probe (Chrono Boost)  
  47  9:02  Robotics Facility  
  47  9:04  Pylon, Dark Templar  
  47  9:05  Adept, Dark Templar  
  47  9:07  Adept  
  55  9:10  Assimilator  
  55  9:12  Archon  
  55  9:22  Gateway  
  55  9:25  Gateway  
  58  9:37  Probe (Chrono Boost)  
  60  9:38  Pylon  
  60  9:39  Probe (Chrono Boost)  
  60  9:45  Dark Templar  
  60  9:48  Probe (Chrono Boost)  
  60  9:51  Probe (Chrono Boost)  
  61  9:56  Dark Templar  
  61  9:58  Probe (Chrono Boost)  
  57  10:02  Dark Templar  
  57  10:05  Probe (Chrono Boost)  
  59  10:09  Probe (Chrono Boost)  
  48  10:16  Dark Templar  
  47  10:25  Pylon  
  47  10:26  Pylon  
  47  10:35  Pylon  
  46  10:47  Stalker x2  
Tags
 
Add a new tag
Caveats
  • Supply blocks, unpowered buildings, or Contaminate may cause inaccurate times.
  • Supply counts are checked every 10 seconds.